 Dungeon Crawl Stone Soup version 0.25.1-8-g42b30a86e7 (webtiles) character file.

Game seed: 1291967085839200998

190682 sahdkjhfkaj the Phalangite (level 18, 0/155 HPs)
             Began as a Merfolk Assassin on Dec 3, 2020.
             Was an Initiate of Gozag.
             Slain by a wolf spider (7 damage)
             ... on level 2 of the Spider Nest.
             The game lasted 01:33:59 (51536 turns).

sahdkjhfkaj the Phalangite (Merfolk Assassin)      Turns: 51536, Time: 01:33:59

Health: 0/155      AC: 17    Str: 29    XL:     18   Next: 17%
Magic:  0/25       EV: 21    Int: 10    God:    Gozag
Gold:   658        SH:  0    Dex: 20    Spells: 17/17 levels left

rFire    + . .     SeeInvis .   b - +9 glaive "Eturre" {venom, rF+ rC- rN+ Str+3}
rCold    x . .     Gourm    .   (shield currently unavailable)
rNeg     + . .     Faith    .   Z - +1 plate armour {rPois}
rPois    +         Spirit   +   (no helmet)
rElec    +         Reflect  .   X - +2 cloak {MR+}
rCorr    .         Harm     .   u - +0 pair of gloves
MR       +++..                  p - +4 pair of boots of Trial and Error {rElec Dex+7}
Stlth    ..........             j - amulet of guardian spirit
HPRegen  0.35/turn              e - +6 ring of strength
MPRegen  0.19/turn              V - ring "Qacoany" {EV+4 Stlth+}

@: lethally poisoned (0 -> -45), corroded
A: change form in water, swift swim, stealthy swim, clumsy 1, magic resistance 1
}: 1/15 runes: decaying
a: Potion Petition, Call Merchant, Bribe Branch, Renounce Religion


You were on level 2 of the Spider Nest.
You worshipped Gozag.
Gozag was pleased with you.
You were hungry.

You visited 8 branches of the dungeon, and saw 32 of its levels.

You collected 11093 gold pieces.
You spent 4188 gold pieces at shops.
You paid 6247 gold pieces to Gozag.

Inventory:

Hand Weapons
 a - the +11 spear of Autumn {holy, +Rage}
   (You found it on level 10 of the Dungeon)

   It has been blessed by the Shining One to cause great damage to the undead
   and demons.
   It lets you go berserk.
 b - the +9 glaive "Eturre" (weapon) {venom, rF+ rC- rN+ Str+3}
   (You bought it in a shop on level 3 of the Lair of Beasts)

   It poisons the flesh of those it strikes.
   It affects your strength (+3).
   It protects you from fire.
   It makes you vulnerable to cold.
   It protects you from negative energy.
 c - a +3 short sword of distortion
 W - the +3 glaive "Uwuret" {antimagic, rF+ Str-2 Int+4}
   (You bought it in a shop on level 3 of the Lair of Beasts)

   It reduces the magical energy of the wielder, and disrupts the spells and
   magical abilities of those hit.
   Natural abilities and divine invocations are not affected.
   It affects your strength (-2).
   It affects your intelligence (+4).
   It protects you from fire.
Missiles
 d - 105 poisoned darts (quivered)
 s - 4 atropa-tipped darts
 F - 4 throwing nets {!f}
 P - 13 curare-tipped darts
Armour
 p - the +4 pair of boots of Trial and Error (worn) {rElec Dex+7}
   (You acquired it on level 1 of the Swamp)

   It affects your dexterity (+7).
   It insulates you from electricity.
 u - a +0 pair of gloves (worn)
 C - a +5 chain mail of magic resistance
 X - a +2 cloak of magic resistance (worn)
 Z - a +1 plate armour of poison resistance (worn)
Jewellery
 e - a +6 ring of strength (left hand)
 j - an amulet of guardian spirit (around neck)
 I - an uncursed ring of positive energy
 V - the ring "Qacoany" (right hand) {EV+4 Stlth+}
   (You found it on level 1 of the Spider Nest)

   [ring of evasion]

   It affects your evasion (+4).
   It makes you more stealthy.
Wands
 k - a wand of digging (29)
 t - a wand of polymorph (15)
 x - a wand of flame (48)
 z - a wand of enslavement (15)
 G - a wand of paralysis (30)
 H - a wand of random effects (15)
 K - a wand of acid (12)
 L - a wand of clouds (5)
 N - a wand of iceblast (12)
Scrolls
 i - 8 scrolls of remove curse {!r}
 n - 14 scrolls of teleportation {!r}
 q - a scroll of amnesia {!r}
 r - 5 scrolls of immolation {!r}
 y - 3 scrolls of fog {!r}
 B - 2 scrolls of vulnerability {!r}
 J - 4 scrolls of enchant armour {!r}
 Q - 7 scrolls of magic mapping {!r}
 T - 4 scrolls of enchant weapon {!r}
 U - a scroll of identify {!r}
 Y - a scroll of torment {!r}
Potions
 g - 7 potions of curing {!q}
 h - a potion of cancellation {!q}
 l - 2 potions of invisibility {!q}
 m - 5 potions of lignification {!q}
 o - 2 potions of haste {!q}
 v - 5 potions of brilliance {!q}
 w - 2 potions of berserk rage {!q}
 A - a potion of heal wounds {!q}
 D - 3 potions of resistance {!q}
 M - 5 potions of stabbing {!q}
 O - 2 potions of mutation {!q}
 R - 4 potions of ambrosia {!q}
 S - 2 potions of might {!q}
Miscellaneous
 E - a tin of tremorstones (3/3)
Comestibles
 f - 9 rations


   Skills:
 - Level 17.2 Fighting
 - Level 12.0 Short Blades
 - Level 26.0 Polearms
 - Level 2.0 Throwing
 + Level 3.1 Armour
 + Level 14.5 Dodging
 - Level 5.0 Stealth
 - Level 10.0 Evocations


You had 17 spell levels left.
You didn't know any spells.
Your spell library contained the following spells:

 Spells                   Type           Power        Failure   Level  Hunger
 Beastly Appendage        Tmut           #.....       99%         1    ##.....
 Corona                   Hex            #......      99%         1    ##.....
 Foxfire                  Conj/Fire      #...         99%         1    ##.....
 Freeze                   Ice            #...         99%         1    ##.....
 Shock                    Conj/Air       #...         99%         1    ##.....
 Sting                    Tmut/Pois      #...         99%         1    ##.....
 Ensorcelled Hibernation  Hex/Ice        #.....       100%        2    ###....
 Passwall                 Tmut/Erth      #.......     100%        2    ###....
 Poisonous Vapours        Pois/Air       #.....       100%        2    ###....
 Slow                     Hex            #.......     100%        2    ###....
 Swiftness                Chrm/Air       #.......     100%        2    ###....
 Confusing Touch          Hex            #.......     100%        3    ####...
 Conjure Flame            Conj/Fire      #.......     100%        3    ####...
 Dazzling Flash           Conj/Hex       #.....       100%        3    ####...
 Frozen Ramparts          Ice            #.....       100%        3    ####...
 Gell's Gravitas          Tloc           #.........   100%        3    ####...
 Ignite Poison            Fire/Tmut/Pois #.......     100%        3    ####...
 Inner Flame              Hex/Fire       #.......     100%        3    ####...
 Mephitic Cloud           Conj/Pois/Air  #.......     100%        3    ####...
 Ozocubu's Armour         Chrm/Ice       #.......     100%        3    ####...
 Portal Projectile        Hex/Tloc       #.....       100%        3    ####...
 Recall                   Summ/Tloc      N/A          100%        3    ####...
 Static Discharge         Conj/Air       #.......     100%        3    ####...
 Tukima's Dance           Hex            #.......     100%        3    ####...
 Airstrike                Air            #.........   100%        4    #####..
 Animate Dead             Necr           N/A          100%        4    #####..
 Cause Fear               Hex            #.........   100%        4    #####..
 Hailstorm                Conj/Ice       #.......     100%        4    #####..
 Leda's Liquefaction      Hex/Erth       #.........   100%        4    #####..
 Olgreb's Toxic Radiance  Pois           #.......     100%        4    #####..
 Sticky Flame             Conj/Fire      #.......     100%        4    #####..
 Summon Ice Beast         Ice/Summ       #.......     100%        4    #####..
 Bolt of Magma            Conj/Fire/Erth #.........   100%        5    ######.
 Borgnjor's Vile Clutch   Necr/Erth      #.........   100%        5    ######.
 Fireball                 Conj/Fire      #.........   100%        5    ######.
 Irradiate                Conj/Tmut      #.........   100%        5    ######.
 Lightning Bolt           Conj/Air       #.........   100%        5    ######.
 Darkness                 Hex            #.........   100%        6    #######
 Death Channel            Necr           #.........   100%        6    #######
 Dispersal                Tloc           #.........   100%        6    #######
 Eringya's Noxious Bog    Tmut/Pois      #.........   100%        6    #######
 Hydra Form               Tmut           #.........   100%        6    #######
 Invisibility             Hex            #.......     100%        6    #######
 Iron Shot                Conj/Erth      #.........   100%        6    #######
 Simulacrum               Ice/Necr       #.........   100%        6    #######
 Statue Form              Tmut/Erth      #........    100%        6    #######
 Dragon Form              Tmut           #.........   100%        7    #######
 Controlled Blink         Tloc           N/A          100%        8    #######
 Discord                  Hex            #.........   100%        8    #######
 Disjunction              Tloc           #.........   100%        8    #######
 Shatter                  Erth           #.........   100%        9    #######


Dungeon Overview and Level Annotations

Branches:
Dungeon (15/15)            Temple (1/1) D:7            Lair (6/6) D:11
  Swamp (4/4) Lair:2       Spider (2/4) Lair:4        Slime (1/5) Lair:5
    Orc (2/2) D:10            Elf (0/3) Orc:2        Vaults (1/5) D:13
 Depths (0/5) D:15

Altars:
Ashenzari
Cheibriados
Dithmenos
Elyvilon
Fedhas
Gozag
Hepliaklqana
Kikubaaqudgha
Makhleb
Nemelex Xobeh
Okawaru
Qazlal
Ru
Sif Muna
Trog
Uskayaw
Vehumet
Wu Jian
Xom
Yredelemnul
Zin
The Shining One
Beogh

Shops:
D:9 :   D:12 [   Orc:2 (*[=   Lair:3 (((   Lair:6 (   Swamp:4 (

Annotations:
D:9 shining eye, exclusion: 2 doors
Spider:2 exclusions: 2 redbacks and 5 more exclusions


Innate Abilities, Weirdness & Mutations

You revert to your normal form in water.
You are very nimble and swift while swimming.
You are very stealthy in the water. (Stealth+)
You are clumsy. (Dex -2)
You are resistant to hostile enchantments. (MR+)


Message History

The redback is poisoned.
The entropy weaver completely misses you.
The entropy weaver hits you.
* * * LOW HITPOINT WARNING * * *
The entropy weaver hits you.
* * * LOW HITPOINT WARNING * * *
The entropy weaver misses you.
The tarantella is engulfed in poison gas.
The tarantella looks as sick as possible!
The tarantella bites you!
* * * LOW HITPOINT WARNING * * *
The moth of wrath is engulfed in poison gas.
The moth of wrath looks even sicker.
The wolf spider is engulfed in poison gas.
The wolf spider looks as sick as possible!
The wolf spider hits you!
* * * LOW HITPOINT WARNING * * *
The wolf spider bites you!
You die...
Your body crumbles into a pile of gold.

....#....>..#.###....^...###
#........#....##...........#
...[..........#...........##
.....#.#..........#.^.....#
..#^....#................##.
# ...#...#..#...(........
.......^.....##..#.......
....#.#a.....###..##..^..
^.#...ys@..#.# #######.##
.....§§s###### ###
...§§§§§..# #..§§§§..?#
#..§§§§....# ####§§......#
#...<...... #...#.#....#
#... ^..?.##


You could see an entropy weaver (extremely poisoned), a wolf spider (berserk,
extremely poisoned), a moth of wrath (very poisoned) and a tarantella (berserk,
extremely poisoned).

Vanquished Creatures
  3 thorn hunters
  Kirke (D:13)
  An orc warlord (Orc:1)
  A deep elf sorcerer (Vaults:1)
  2 ghost moths
  A frost giant (D:15)
  A vault warden (Vaults:1)
  A very ugly thing (Vaults:1)
  2 ironheart preservers
  A deep elf demonologist (Vaults:1)
  Nessos (D:13)
  A dire elephant (Lair:6)
  The ghost of Dillybarz the Fighter, a journeyman MiFi of Okawaru (D:12)
  An ettin (Vaults:1)
  A great orb of eyes (D:13)
  A yaktaur captain (Vaults:1)
  24 hydras
  Harold (Lair:2)
  3 shambling mangroves (Swamp:4)
  Erica (D:10)
  6 two-headed ogres
  A catoblepas (Lair:6)
  2 centaur warriors
  12 alligators
  A tengu warrior (D:13)
  2 orc high priests
  14 death yaks
  A deep troll shaman (Lair:6)
  2 spriggan berserkers
  Sonja (Lair:4)
  2 deep elf knights
  An unseen horror (D:13)
  5 spriggan druids
  6 orc knights
  A deep troll (Vaults:1)
  6 swamp dragons (Swamp:4)
  2 ironbrand convokers (Vaults:1)
  A deep elf archer (Vaults:1)
  An obsidian statue (D:15)
  10 orb spiders
  8 deep elf magi
  5 orc sorcerers
  13 wolf spiders
  8 ugly things
  2 cyclopes (D:15)
  15 elephants
  3 manticores
  5 black mambas
  Maurice (D:13)
  2 torpor snails
  17 spiny frogs
  Maggie (D:9)
  A spiny frog (shapeshifter) (Vaults:1)
  4 kobold demonologists
  A rime drake (Lair:5)
  A freezing wraith (Vaults:1)
  An efreet (D:13)
  2 ice devils (Orc:1)
  A tengu conjurer (D:13)
  4 komodo dragons
  6 trolls
  8 demonic crawlers
  15 jumping spiders
  A wolf spider simulacrum (D:14)
  7 yaktaurs
  14 hornets
  7 tyrant leeches
  4 polar bears
  3 blink frogs (Lair:5)
  11 slime creatures
  4 dream sheep
  11 hippogriffs
  5 bog bodies
  17 tarantellas
  A centaur simulacrum (D:15)
  7 spriggans
  38 redbacks
  A shadow (D:13)
  3 wyverns
  44 yaks
  2 wraiths
  8 basilisks
  A hog (shapeshifter) (D:14)
  3 hogs (D:13)
  16 vampire mosquitoes
  2 hungry ghosts
  7 wargs
  An acid dragon (Vaults:1)
  17 swamp worms
  4 insubstantial wisps (Swamp:1)
  10 water moccasins
  16 swamp drakes
  25 orc warriors
  4 porcupines
  3 ice beasts
  5 sky beasts
  5 black bears
  A necrophage (D:12)
  3 eyes of draining
  10 ogres
  4 phantoms
  7 boggarts
  15 wolves
  16 centaurs
  13 crocodiles
  8 big kobolds
  17 bullfrogs
  8 scorpions
  4 killer bees (D:9)
  21 wights
  2 howler monkeys
  An electric eel (Lair:2)
  6 centaur zombies
  8 crimson imps
  6 hounds
  A bullfrog zombie (D:7)
  A quasit (D:8)
  Crazy Yiuf (D:1)
  2 bullfrog skeletons
  6 centaur skeletons
  11 orc priests
  3 jellies
  19 orc wizards
  2 iguanas
  2 hell rats (Lair:6)
  8 worker ants
  A howler monkey zombie (D:10)
  A worker ant zombie (D:7)
  Robin (D:2)
  3 gnolls (D:4)
  7 river rats (Lair:6)
  11 adders
  3 shadow imps
  5 oozes
  2 adder skeletons
  2 worms (D:3)
  4 dart slugs
  9 leopard geckos
  66 orcs
  6 giant cockroaches
  8 goblins
  13 hobgoblins
  12 jackals
  27 kobolds
  3 quokkas
  9 bats
  5 frilled lizards
  A jackal skeleton (D:6)
  A leopard gecko skeleton (D:8)
  A leopard gecko zombie (D:8)
  A quokka zombie (D:8)
  18 rats
983 creatures vanquished.

Vanquished Creatures (collateral kills)
  A hungry ghost (D:9)
  An ogre (D:9)
  A jelly (D:9)
  An orc (D:9)
4 creatures vanquished.

Vanquished Creatures (others)
  An orc warrior (Vaults:1)
  A sky beast (D:13)
  A boggart (Vaults:1)
  An orc (Orc:1)
  11 fungi
  4 plants
19 creatures vanquished.

Grand Total: 1006 creatures vanquished

Notes
Turn   | Place    | Note
-------+----------+-------------------------------------------
     0 | D:1      | sahdkjhfkaj the Merfolk Assassin began the quest for the
                  | Orb.
     0 | D:1      | Reached XP level 1. HP: 16/16 MP: 1/1
   148 | D:1      | Reached XP level 2. HP: 14/23 MP: 2/2
   711 | D:1      | Reached XP level 3. HP: 30/30 MP: 3/3
   946 | D:2      | Found a runed translucent door.
   947 | D:2      | Noticed Crazy Yiuf
  1178 | D:1      | Killed Crazy Yiuf
  1411 | D:2      | Reached XP level 4. HP: 38/38 MP: 4/4
  1721 | D:2      | Noticed Robin
  1780 | D:2      | Killed Robin
  1780 | D:2      | Reached skill level 5 in Fighting
  2397 | D:3      | Reached XP level 5. HP: 21/46 MP: 5/5
  3272 | D:3      | Reached XP level 6. HP: 53/53 MP: 6/6
  3618 | D:4      | Reached skill level 1 in Polearms
  3672 | D:4      | Reached skill level 2 in Polearms
  3674 | D:4      | Noticed an orc warrior
  3956 | D:4      | Killed an orc warrior
  3956 | D:4      | Reached skill level 4 in Polearms
  4161 | D:4      | Reached XP level 7. HP: 60/60 MP: 7/7
  4196 | D:4      | Reached skill level 5 in Polearms
  4225 | D:4      | Reached skill level 6 in Polearms
  4756 | D:4      | Reached skill level 7 in Polearms
  4915 | D:4      | Reached skill level 8 in Polearms
  5016 | D:4      | Reached XP level 8. HP: 50/67 MP: 8/8
  5123 | D:5      | Entered Level 5 of the Dungeon
  5183 | D:5      | Reached skill level 5 in Short Blades
  5997 | D:6      | Found a sparkling altar of Nemelex Xobeh.
  6577 | D:6      | Found a hide-covered altar of Uskayaw.
  6690 | D:6      | Reached XP level 9. HP: 29/72 MP: 9/9
  7366 | D:7      | Reached skill level 10 in Short Blades
  8024 | D:7      | Reached skill level 1 in Evocations
  8029 | D:7      | Found a staircase to the Ecumenical Temple.
  8060 | Temple   | Entered the Ecumenical Temple
  8654 | Temple   | Became a worshipper of Gozag Ym Sagoz the Greedy
  8825 | D:7      | Got an ichor-stained falchion
  8826 | D:7      | Identified the +6 falchion of the Sea {holy, rC+ SInv} (You
                  | found it on level 7 of the Dungeon)
  8933 | D:8      | Noticed a two-headed ogre
  8954 | D:8      | Killed a two-headed ogre
  9145 | D:8      | Reached skill level 5 in Dodging
  9161 | D:8      | Reached XP level 10. HP: 69/79 MP: 9/11
 10172 | D:9      | Noticed Maggie
 10197 | D:9      | Killed Maggie
 10275 | D:9      | Reached skill level 5 in Evocations
 10348 | D:9      | Found a blossoming altar of Fedhas.
 10375 | D:9      | Noticed a centaur warrior
 10422 | D:9      | Noticed a shining eye
 10422 | D:9      | a centaur warrior changed into a shining eye
 10426 | D:9      | Gained mutation: You are resistant to hostile enchantments.
                  | (MR+) [a shining eye]
 10836 | D:9      | Noticed a two-headed ogre
 10898 | D:9      | Killed a two-headed ogre
 11113 | D:9      | Gained mutation: You are clumsy. (Dex -2) [a shining eye]
 11287 | D:10     | Entered Level 10 of the Dungeon
 11287 | D:10     | Noticed a two-headed ogre
 11298 | D:10     | Killed a two-headed ogre
 11433 | D:10     | Reached skill level 10 in Dodging
 11440 | D:10     | Reached XP level 11. HP: 68/84 MP: 14/14
 11864 | D:10     | Noticed Erica
 11878 | D:10     | Killed Erica
 11878 | D:10     | Reached skill level 9 in Polearms
 12052 | D:10     | Reached skill level 10 in Polearms
 12103 | D:10     | Got an ancient spear
 12104 | D:10     | Identified the +11 spear of Autumn {holy, +Rage} (You found
                  | it on level 10 of the Dungeon)
 12402 | D:10     | Found a staircase to the Orcish Mines.
 12686 | D:11     | Found a staircase to the Lair.
 12764 | Lair:1   | Entered Level 1 of the Lair of Beasts
 12827 | Lair:1   | Reached skill level 11 in Polearms
 13312 | Lair:1   | Reached skill level 12 in Polearms
 13518 | Lair:2   | Noticed Harold
 13541 | Lair:2   | Killed Harold
 13541 | Lair:2   | Reached XP level 12. HP: 60/91 MP: 16/16
 13954 | Lair:2   | Found a staircase to the Swamp.
 15054 | Lair:3   | Reached skill level 13 in Polearms
 15687 | Lair:3   | Identified a scroll of acquirement {!r}
 15688 | Lair:3   | Acquired 320 gold pieces
 15694 | Lair:4   | Noticed a four-headed hydra
 15717 | Lair:3   | Killed a four-headed hydra
 15856 | Lair:4   | Noticed Sonja
 15863 | Lair:4   | Killed Sonja
 15863 | Lair:4   | Reached XP level 13. HP: 88/96 MP: 19/19
 15879 | Lair:4   | Reached skill level 5 in Stealth
 16010 | Lair:4   | Reached skill level 14 in Polearms
 16297 | Lair:4   | Found a hole to the Spider Nest.
 17031 | Lair:5   | Found a staircase to the Slime Pits.
 17297 | Lair:3   | Bought a polished glaive for 391 gold pieces
 17297 | Lair:3   | Identified the +3 glaive "Uwuret" {antimagic, rF+ Str-2
                  | Int+4} (You bought it in a shop on level 3 of the Lair of
                  | Beasts)
 17493 | Lair:4   | Reached skill level 10 in Evocations
 18081 | Lair:5   | Reached skill level 15 in Polearms
 18292 | Lair:6   | Entered Level 6 of the Lair of Beasts
 19244 | Slime:1  | Entered Level 1 of the Pits of Slime
 19244 | Slime:1  | Noticed an acid blob
 19244 | Slime:1  | Noticed an acid blob
 19542 | Lair:5   | Reached skill level 16 in Polearms
 20256 | Lair:6   | Reached skill level 10 in Fighting
 20295 | Lair:5   | Reached XP level 14. HP: 21/110 MP: 0/21
 20700 | Lair:6   | Reached skill level 17 in Polearms
 21697 | Lair:6   | Reached skill level 18 in Polearms
 22149 | Lair:6   | Noticed a dire elephant
 22163 | Lair:6   | Killed a dire elephant
 22173 | Lair:6   | Identified Sif Muna's Guide on Curses
 22963 | D:11     | Reached skill level 19 in Polearms
 24215 | D:12     | Found a runed translucent gate.
 24215 | D:12     | Found a runed translucent gate.
 24215 | D:12     | Noticed Dillybarz's ghost (journeyman MiFi)
 24222 | D:12     | Found a runed translucent gate.
 24265 | D:12     | Killed Dillybarz's ghost
 24593 | D:12     | Found Simalesh's Antique Armour Emporium.
 24893 | D:13     | You fall into a shaft and drop 2 floors!
 24893 | D:15     | Entered Level 15 of the Dungeon
 24977 | D:14     | Reached skill level 20 in Polearms
 25396 | D:13     | Noticed Nessos
 25407 | D:13     | Killed Nessos
 25702 | D:13     | Noticed Maurice
 25703 | D:13     | Found an ornate altar of the Wu Jian Council.
 25707 | D:13     | Killed Maurice
 25707 | D:13     | Reached XP level 15. HP: 116/119 MP: 7/22
 26563 | D:13     | Found a gate to the Vaults.
 26568 | D:13     | Noticed Kirke
 26587 | D:13     | Killed Kirke
 27973 | D:14     | Found a burning altar of Makhleb.
 27992 | D:14     | Reached skill level 21 in Polearms
 28172 | D:14     | You fall into a shaft and drop 1 floor!
 28429 | Lair:6   | Bought a ration for 50 gold pieces
 28429 | Lair:6   | Bought a ration for 50 gold pieces
 28429 | Lair:6   | Bought a ration for 50 gold pieces
 28429 | Lair:6   | Bought a ration for 50 gold pieces
 28429 | Lair:6   | Bought a ration for 50 gold pieces
 28429 | Lair:6   | Bought a ration for 50 gold pieces
 28429 | Lair:6   | Bought a ration for 50 gold pieces
 28429 | Lair:6   | Bought a ration for 50 gold pieces
 29893 | D:15     | Found a staircase to the Depths.
 29893 | D:15     | Noticed a frost giant
 29899 | D:15     | Killed a frost giant
 30339 | Orc:1    | Entered Level 1 of the Orcish Mines
 31676 | D:9      | Found Xoiwom's Book Emporium.
 31909 | Orc:2    | Entered Level 2 of the Orcish Mines
 32614 | Orc:2    | Found a staircase to the Elven Halls.
 32685 | Orc:2    | Noticed an orc warlord
 33195 | Orc:1    | Killed an orc warlord
 33195 | Orc:1    | Reached skill level 22 in Polearms
 33781 | Orc:2    | Found a roughly hewn altar of Beogh.
 33786 | Orc:2    | Found Kiteustocvo's Jewellery Shoppe.
 33788 | Orc:2    | Found Ziczec's Antique Armour Shoppe.
 33974 | Orc:2    | Found Onyerph's Antique Weapon Shoppe.
 34216 | Orc:2    | Found Nofushih's General Store.
 34389 | D:12     | Bought spiked pearl dragon scales for 2484 gold pieces
 34399 | D:12     | Identified the +0 pearl dragon scales of Satipsy {rN+ Str-5
                  | Int+2 SInv} (You bought it in a shop on level 12 of the
                  | Dungeon)
 34467 | Swamp:1  | Entered Level 1 of the Swamp
 34552 | Swamp:1  | Reached XP level 16. HP: 104/132 MP: 6/23
 34917 | Swamp:1  | Acquired the +4 pair of boots of Trial and Error {rElec
                  | Dex+7}
 36753 | Swamp:2  | You fall into a shaft and drop 1 floor!
 36947 | Swamp:2  | Noticed a thorn hunter
 36956 | Swamp:2  | Killed a thorn hunter
 38484 | Swamp:3  | Reached skill level 23 in Polearms
 39433 | Swamp:3  | Reached skill level 15 in Fighting
 40828 | Swamp:4  | Entered Level 4 of the Swamp
 40931 | Swamp:4  | Noticed a thorn hunter
 40945 | Swamp:4  | Killed a thorn hunter
 42728 | Swamp:4  | Reached XP level 17. HP: 137/144 MP: 20/24
 42797 | Swamp:4  | Reached skill level 24 in Polearms
 44319 | Swamp:4  | Got a decaying rune of Zot
 44520 | Spider:1 | Entered Level 1 of the Spider Nest
 44831 | Vaults:1 | Entered Level 1 of the Vaults
 45280 | Vaults:1 | Noticed a Brimstone Fiend
 47345 | Vaults:1 | HP: 4/147 [deep elf sorcerer/damnation[an ironheart
                  | preserver] (37)]
 48076 | Lair:4   | Reached skill level 25 in Polearms
 49126 | Spider:1 | Got a scintillating silver ring
 49157 | Spider:1 | Identified the ring "Qacoany" {EV+4 Stlth+} (You found it
                  | on level 1 of the Spider Nest)
 49547 | Lair:3   | Bought the +9 glaive "Eturre" {venom, rF+ rC- rN+ Str+3}
                  | for 913 gold pieces
 50315 | Spider:1 | Identified Agiokh's Papyrus of Ashen Shape Shifting
 50898 | Spider:2 | Reached XP level 18. HP: 155/155 MP: 25/25
 50972 | Spider:2 | Reached skill level 26 in Polearms
 51536 | Spider:2 | HP: 7/155 [wolf spider (15)]
 51536 | Spider:2 | Slain by a wolf spider

Illustrated notes

Levels and vault maps discovered:
D:1:      lightli_arrival_isolated_outpost, layout_basic
D:2:      layout_basic, bh_walls_and_bars, uniq_robin, uniq_crazy_yiuf_cottage
D:3:      layout_rooms, minmay_tree_intersection, kennysheep_pointless_box,
          kennysheep_generic_room_3
D:4:      layout_basic, first_ration, chequers_serial_rivers_small_a
D:5:      layout_loops_cross, serial_glass, glass_columns_a, glass_columns_a,
          glass_columns_b, glass_columns_a, minmay_misc_feat_enclosed
D:6:      layout_basic, nemelex_xobeh_ov_fountains_minmay, basic_altar,
          ebering_dispersal_statue_hall
D:7:      layout_loops_ring, minmay_temple_entry_drinking_statues
D:8:      layout_rooms
D:9:      layout_roguey, serial_shops, shop, basic_altar, the_bakery,
          minmay_mirror_moons_of_madness, uniq_maggie
D:10:     layout_long_grid, david_orc_1_choice, uniq_erica
D:11:     layout_grid_maze, david_lair_generic
D:12:     layout_basic, gammafunk_ghost_split, serial_shops, shop
D:13:     layout_small_grid, skrybe_vaults_entry_preservation, basic_altar,
          uniq_kirke, uniq_nessos, uniq_maurice
D:14:     layout_irregular_city, makhleb_altar_promises_db
D:15:     grunt_enter_depths_snipers, layout_rooms, nicolae_wwwww, st_stairs_1,
          minivault_16
Temple:   nicolae_temple_the_god_donut
Lair:1:   layout_cave_shapes, lemuel_fruit_fields, serial_bayou_shore_b
Lair:2:   layout_gridlike, swamp_mist_pool, uniq_harold
Lair:3:   layout_chaotic_city
Lair:4:   layout_hall_layers, spider_nest_entry_webs, lemuel_fruit_tree,
          uniq_sonja
Lair:5:   layout_regular_city, nicolae_slime_entry_slimehenge,
          kennysheep_basilisk_garden
Lair:6:   grunt_lair_end_beastmaster, layout_cellular_growth,
          serial_bayou_pond_a, kennysheep_abandoned_house
Swamp:1:  layout_basic_swamp, hangedman_swamp_pad
Swamp:2:  layout_falls_marsh, evilmike_swamp_ruin_rubble_1
Swamp:3:  cheibrodos_swamp_heart_of_darkness, layout_basic_swamp,
          hangedman_swamp_blocks, swamp_pool5
Swamp:4:  swamp_basic_johnstein, layout_basic_swamp
Spider:1: layout_spider_delve, nicolae_crawler_farm
Spider:2: layout_spider_delve
Slime:1:  layout_caves
Orc:1:    layout_caves, portal_ice_cave_demonic_guard
Orc:2:    grunt_orc_cross, layout_diamond_mine, nicolae_orc_lava_room
Vaults:1: nicolae_vaults_halls_meeting, vaults_dpeg_doors,
          hangedman_vaults_cutoff, nicolae_vaults_hallways_thing,
          vaults_dpeg_spiral, vaults_standard_mumra_enter_the_diamond,
          v_misc_10, v_misc_15, hangedman_vaults_nails, vaults_room_pools,
          layout_vaults_ring

Skill      XL: |  1  2  3  4  5  6  7  8  9 10 11 12 13 14 15 16 17 18 |
---------------+-------------------------------------------------------+-----
Fighting       | 3 4 5 6 7 10 11 13 15 17 | 17.2
Polearms       | 4 8 12 13 16 20 22 23 25 26 | 26.0
Short Blades   | 3 9 12 | 12.0
Dodging        | 5 10 12 14 | 14.5
Evocations     | 1 5 6 9 10 | 10.0
Armour         | 2 3 |  3.1
Stealth        | 5 |  5.0
Throwing       | |  2.0

Action                   |  1- 3 |  4- 6 |  7- 9 | 10-12 | 13-15 | 16-18 || total
-------------------------+-------+-------+-------+-------+-------+-------++-------
Melee: Dagger            |    68 |     5 |       |       |       |       ||    73
       Short sword       |       |   247 |   439 |   231 |       |       ||   917
       Spear             |       |       |    12 |   528 |   162 |   184 ||   886
       Tailslap          |       |       |     2 |       |     2 |    72 ||    76
       Long sword        |       |       |       |   168 |       |       ||   168
       Glaive            |       |       |       |       |  1620 |  1118 ||  2738
Throw: Dart              |     6 |     4 |    17 |    31 |     1 |     5 ||    64
Invok: Call Merchant     |       |       |       |     3 |     2 |     1 ||     6
 Abil: Evoke Berserk Rag |       |       |       |     1 |       |       ||     1
Evoke: Wand              |       |       |       |    10 |     7 |     9 ||    26
  Use: Scroll            |     4 |     3 |     3 |    13 |    15 |    16 ||    54
       Potion            |     1 |       |       |       |     2 |     9 ||    12
 Stab: Sleeping          |       |     5 |       |       |       |       ||     5
       Distracted        |       |     1 |       |     4 |     7 |    15 ||    27
       Paralysed         |       |       |       |     2 |     5 |       ||     7
       Confused          |       |       |       |       |       |     1 ||     1
       Invisible         |       |       |       |       |       |     2 ||     2
       Held in net/web   |       |       |       |       |       |     2 ||     2
  Eat: Chunk             |     1 |     9 |     9 |       |       |       ||    19
       Ration            |       |       |     4 |     8 |    18 |    15 ||    45
Armor: Scale mail        |    21 |   144 |       |       |       |       ||   165
       Leather armour    |     1 |       |       |       |       |       ||     1
       Chain mail        |       |     4 |   291 |   332 |   684 |       ||  1311
       Plate armour      |       |       |       |       |       |   656 ||   656
Dodge: Dodged            |    28 |   140 |   115 |   454 |   947 |  1019 ||  2703
       Rpst.: Long sword |       |       |       |    32 |       |       ||    32
